 Dungeon Crawl Stone Soup version 0.32-a0-401-g0bcb2a7693 (webtiles) character file.

Game seed: 10291858673172909619

114 Asfel the Ruffian (level 4, 0/35 HPs)
             Began as a Demigod Shapeshifter on Feb 20, 2024.
             Slain by a gnoll
             ... wielding a +0 club
              (4 damage)
             ... on level 3 of the Dungeon.
             The game lasted 00:05:10 (2408 turns).

Asfel the Ruffian (Demigod Shapeshifter)            Turns: 2408, Time: 00:05:11

Health: 0/35       AC: 10    Str: 18 (19) XL:     4   Next: 41%
Magic:  6/6        EV:  5    Int: 10 (12) God:
Gold:   128        SH:  0    Dex: 11 (13) Spells: 3/3 levels left

rFire   . .          .
                       - Unarmed
rCold   . . .        (no shield)
rNeg    . . .        h - +0 plate armour
rPois   .            (helmet currently unavailable)
rElec   .            (cloak currently unavailable)
rCorr   .            (gloves currently unavailable)
SInv    .            (boots currently unavailable)
Will    .....        (no amulet) Stlth
                     (no ring)
HPRegen 0.25/turn    (no ring)
MPRegen 0.10/turn

%: no passive effects
@: beast-form
A: beast (slay +1), high MP 1, forlorn, divine attributes
a: Begin Untransformation


You were on level 3 of the Dungeon.
You were a hulking beast.
You visited 1 branch of the dungeon, and saw 3 of its levels.

You collected 128 gold pieces.

Inventory:

Hand Weapons
 m - a +3 short sword of draining
Armour
 a - a +0 animal skin
 h - a +0 plate armour (worn)
 l - a +0 chain mail
 s - the +0 robe of the Elven Halls {rF+}
   (You found it on level 2 of the Dungeon)

   rF+:       It protects you from fire.
Talismans
 c - a beast talisman (active)
 d - a flux talisman
 n - a beast talisman (active)
Scrolls
 k - a scroll of fog
 p - 2 scrolls of torment
 r - 2 scrolls of identify
 u - a scroll of vulnerability {unknown}
Potions
 b - a potion of lignification
 e - a potion of invisibility {unknown}
 f - a potion of haste
 g - a potion of enlightenment {unknown}
 i - a potion of curing {unknown}
 o - a potion of attraction {unknown}
 q - a potion of mutation {unknown}
 t - a potion of heal wounds {unknown}


   Skills:
 + Level 1.3 Fighting
 + Level 0.1 Armour
 + Level 2.4 Dodging
 + Level 0.7 Stealth
 + Level 3.9 Unarmed Combat
 + Level 3.1 Shapeshifting


You had 3 spell levels left.
You didn't know any spells.
Your spell library contained the following spells:

 Spells                   Type           Power      Damage    Failure   Level
 Inner Flame              Hex/Fire       0%         N/A       100%        3
 Flame Wave               Conj/Fire      0%         2d4       100%        4
 Sticky Flame             Fire/Alch      0%         2d4       100%        4


Dungeon Overview and Level Annotations

Branches:
Dungeon (3/15)

Shops:
D:1 (


Innate Abilities, Weirdness & Mutations

You are a hulking beast.
Your limbs bulge with bestial killing power. (Slay +1)
You have an increased reservoir of magic. (+10% MP)
You shall have no god before yourself.
Your divine heritage dramatically boosts your attributes as you level up.


Message History

The gnoll shouts!
You hear a shout!
A gnoll comes into view. It is wielding a +0 spear.
Found a stone staircase leading down.
The gnoll shouts!
A gnoll comes into view. It is wielding a +0 club.
The gnoll shouts!
A bat comes into view.
Found an escape hatch in the floor.
A gnoll comes into view. It is wielding a +0 flail.
The bat hits you but does no damage. The bat closely misses you.
The gnoll barely misses you.
The gnoll hits you from afar with a +0 spear.
You barely miss the gnoll. The bat closely misses you.
You hit the gnoll.
The gnoll is heavily wounded.
The bat barely misses you. The gnoll hits you but does no damage.
The gnoll hits you from afar with a +0 spear.
You hit the gnoll.
The gnoll is heavily wounded.
The gnoll hits you with a +0 club! The gnoll hits you with a +0 club.
The gnoll hits you from afar with a +0 spear.
The bat hits you but does no damage.
You hit the gnoll.
You kill the gnoll!
The bat hits you but does no damage. The gnoll hits you with a +0 club.
The gnoll hits you from afar with a +0 spear.
* * * LOW HITPOINT WARNING * * *
You punch the gnoll!
The gnoll is severely wounded.
The bat hits you but does no damage. The gnoll hits you with a +0 flail.
* * * LOW HITPOINT WARNING * * *
The gnoll hits you from afar with a +0 spear.
* * * LOW HITPOINT WARNING * * *
The gnoll hits you with a +0 club.
* * * LOW HITPOINT WARNING * * *
It was a potion of degeneration.
There was something very wrong with that liquid.
You feel weakened.
You feel dopey.
You feel clumsy. The gnoll barely misses you.
The gnoll hits you with a +0 club.
You die...

#.# # ..# #.
..#
#.#####..+
........#
#####.#.g..#
.......gg..#
####.#h...#
#<....b...#
####....#.#
>......# #
....>......[
##.........#
....#.#.####
####.#(...
#.#.#<##


You could see 3 gnolls and a bat.

Vanquished Creatures
  A gnoll (D:3)
  2 adders (D:2)
  3 dart slugs
  4 bats
  8 endoplasms
  2 giant cockroaches
  2 goblins
  5 hobgoblins
  2 jackals (D:2)
  A quokka (D:1)
  2 ball pythons (D:1)
  12 frilled lizards
  2 kobolds (D:2)
  2 rats (D:1)
48 creatures vanquished.

Notes
Turn   | Place    | Note
-------+----------+-------------------------------------------
     0 | D:1      | Asfel the Demigod Shapeshifter began the quest for the Orb.
     0 | D:1      | Reached XP level 1. HP: 15/15 MP: 3/3
   222 | D:1      | Found Pivise's Weapon Emporium.
   261 | D:1      | Reached XP level 2. HP: 19/22 MP: 4/4
   331 | D:1      | Reached skill level 1 in Fighting
   760 | D:1      | Reached XP level 3. HP: 23/28 MP: 5/5
  1757 | D:2      | Identified the +0 robe of the Elven Halls {rF+}
  1872 | D:2      | Reached XP level 4. HP: 35/35 MP: 6/6
  2408 | D:3      | Slain by a gnoll

Illustrated notes

Levels and vault maps discovered:
D:1:      amcnicky_arrival_gap_in_the_tavern_cellar, layout_loops_corners,
          serial_shops, shop, dreamdust_mushroom_princess, minmay_lizard_king
D:2:      layout_basic, serial_bayou_crossing
D:3:      layout_basic, nicolae_sif_muna_condensation,
          shapermc_ecumenical_altar_mp_highgroup, minmay_door_square

Skill      XL: |  1  2  3 |
---------------+----------+-----
Dodging        | 2 |  2.4
Unarmed Combat | 3 |  3.9
Fighting       | 1 |  1.3
Shapeshifting  | 3 |  3.1
Armour         | |  0.1
Stealth        | |  0.7

Action                     |  1- 3 |  4- 6 || total
---------------------------+-------+-------++-------
  Melee: Unarmed           |   128 |    23 ||   151
         Punch             |     3 |       ||     3
Ability: Begin Untransform |     1 |       ||     1
    Use: Scroll            |     5 |       ||     5
         Potion            |       |     1 ||     1
 Armour: Animal skin       |    40 |       ||    40
         Plate armour      |    21 |    43 ||    64
  Dodge: Dodged            |    63 |    12 ||    75
   Form: Beast             |     1 |       ||     1

Table legend: (Time is in decaauts)
 A = Elapsed time spent in this place.
 B = Non-inter-level travel time spent in this place.
 C = Inter-level travel time spent in this place.
 D = Time resting spent in this place.
 E = Time spent auto-exploring this place.
 F = Levels seen in this place.
 G = Mean time per level.
                   A        B        C        D        E       F      G
               +--------+--------+--------+--------+--------+-----+--------+
         Total |   2406 |   2096 |    310 |      0 |   1519 |   3 |  802.0 |
       Dungeon |   2406 |   2096 |    310 |      0 |   1519 |   3 |  802.0 |
               +--------+--------+--------+--------+--------+-----+--------+

Top non-repeatable levels by time:
     D:1: 1308 daAuts
     D:2: 1086 daAuts
     D:3: 11 daAuts
